| TOP OF THE 1ST |
|
Cleveland (APP) Indians batting - Pitching for Boston (APP) Red Sox : RHP Josh Graham
|
|
Pitching: RHP Josh Graham
|
|
|
Batting: RHB John Clark
|
0-0: Ball 1-0: Ball 2-0: Called Strike 2-1: Called Strike 2-2: Foul Ball, location: 2F 2-2: Ground out 6-3 (Groundball, 56, EV 91.2 MPH)
|
|
Batting: RHB Carlos Manriquez
|
0-0: Ball 1-0: Ball 2-0: Ball 3-0: Called Strike 3-1: Called Strike 3-2: Fly out, F3 (Popup, 3S, EV 75.6 MPH)
|
|
Batting: RHB Juan Gallardo
|
0-0: Ball 1-0: Swinging Strike 1-1: Ground out U3 (Groundball, 3, EV 78.8 MPH)
|
| Top of the 1st over - 0 runs, 0 hits, 0 errors, 0 left on base; Cleveland (APP) 0 - Boston (APP) 0 |
| BOTTOM OF THE 1ST |
|
Boston (APP) Red Sox batting - Pitching for Cleveland (APP) Indians : RHP Ken Shear
|
|
Pitching: RHP Ken Shear
|
|
|
Batting: RHB Rogelio Cervantes
|
0-0: Ball 1-0: Ground out U3 (Groundball, 34, EV 86.2 MPH)
|
|
Batting: RHB Matt Hinkle
|
0-0: Ball 1-0: Called Strike 1-1: Ball 2-1: Ball 3-1: Called Strike 3-2: Strikes out swinging
|
|
Batting: RHB Frank Sokolosky
|
0-0: Called Strike 0-1: DOUBLE (Line Drive, 89D, EV 102.5 MPH)
|
|
Batting: LHB Stanislav Parusov
|
0-0: Ball 1-0: Ground out 4-3 (Groundball, 34D, EV 85.0 MPH)
|
| Bottom of the 1st over - 0 runs, 1 hit, 0 errors, 1 left on base; Cleveland (APP) 0 - Boston (APP) 0 |
| TOP OF THE 2ND |
|
Cleveland (APP) Indians batting - Pitching for Boston (APP) Red Sox : RHP Josh Graham
|
|
Batting: RHB Luis Roman
|
0-0: Ball 1-0: Fly out, F8 (Flyball, 8RS, EV 88.8 MPH)
|
|
Batting: LHB Kenji Yokoyama
|
0-0: Called Strike 0-1: Swinging Strike 0-2: Ball 1-2: Strikes out swinging
|
|
Batting: RHB Joe Shade
|
0-0: Called Strike 0-1: Swinging Strike 0-2: Ball 1-2: SINGLE (Line Drive, 4D, EV 95.0 MPH)
|
|
Batting: LHB Heath Ryland
|
0-0: Foul Ball, location: 2F 0-1: Ball 1-1: Called Strike 1-2: Strikes out swinging
|
| Top of the 2nd over - 0 runs, 1 hit, 0 errors, 1 left on base; Cleveland (APP) 0 - Boston (APP) 0 |
| BOTTOM OF THE 2ND |
|
Boston (APP) Red Sox batting - Pitching for Cleveland (APP) Indians : RHP Ken Shear
|
|
Batting: SHB Eric Evans
|
0-0: Ball 1-0: Ball 2-0: Called Strike 2-1: Ball 3-1: Called Strike 3-2: Base on Balls
|
|
Batting: LHB Frank Olivo
|
0-0: Ball 1-0: Called Strike 1-1: Ball Passed Ball! Eric Evans to second 2-1: Swinging Strike Passed Ball! Eric Evans to third 2-2: Ball 3-2: Foul Ball, location: 2F 3-2: Base on Balls
|
|
Batting: RHB Mike Strey
|
0-0: Fly out, F8 (Line Drive, 8RD, EV 86.2 MPH) Runner from 3rd tags up, SCORES, throw by CF
|
|
Batting: RHB Dominique Paolozzi
|
0-0: Ball 1-0: Called Strike 1-1: Foul Ball, location: 2F 1-2: Ball 2-2: Ball 3-2: Strikes out swinging
|
|
Batting: RHB Joe Booth
|
0-0: Called Strike 0-1: Swinging Strike Passed Ball! Frank Olivo to second 0-2: Strikes out swinging
|
| Bottom of the 2nd over - 1 run, 0 hits, 0 errors, 1 left on base; Cleveland (APP) 0 - Boston (APP) 1 |
| TOP OF THE 3RD |
|
Cleveland (APP) Indians batting - Pitching for Boston (APP) Red Sox : RHP Josh Graham
|
|
Batting: LHB Jose Esteban
|
0-0: SINGLE (Groundball, 34D, EV 96.2 MPH)
|
|
Batting: SHB Mike Shields
|
0-0: Bunt missed! 0-1: Sac Bunt to 13 - play at first, batter OUT! 1-4 Jose Esteban to second
|
|
Batting: RHB John Clark
|
0-0: Ball 1-0: Foul Ball, location: 2F 1-1: Ground out 5-3 (Groundball, 56S, EV 66.9 MPH) Jose Esteban to third
|
|
Batting: RHB Carlos Manriquez
|
0-0: Ground out 5-3 (Groundball, 56, EV 89.4 MPH)
|
| Top of the 3rd over - 0 runs, 1 hit, 0 errors, 1 left on base; Cleveland (APP) 0 - Boston (APP) 1 |
| BOTTOM OF THE 3RD |
|
Boston (APP) Red Sox batting - Pitching for Cleveland (APP) Indians : RHP Ken Shear
|
|
Batting: RHB Rogelio Cervantes
|
0-0: Called Strike 0-1: SINGLE (Groundball, 56, EV 106.2 MPH)
|
|
Batting: RHB Matt Hinkle
|
0-0: Ball Rogelio Cervantes steals 2nd base 1-0: Ball Rogelio Cervantes steals 3rd base 2-0: Ground out 4-3 (Groundball, 4M, EV 81.9 MPH) Rogelio Cervantes scores
|
|
Batting: RHB Frank Sokolosky
|
0-0: Ball 1-0: Fly out, F9 (Line Drive, 9, EV 91.9 MPH)
|
|
Batting: LHB Stanislav Parusov
|
0-0: Swinging Strike 0-1: Ball 1-1: Foul Ball, location: 2F 1-2: Ball 2-2: Reached on error, E5 (Groundball, 56, EV 88.1 MPH)
|
|
Batting: SHB Eric Evans
|
0-0: Ground out U3 (Groundball, 3L, EV 92.5 MPH)
|
| Bottom of the 3rd over - 1 run, 1 hit, 1 error, 1 left on base; Cleveland (APP) 0 - Boston (APP) 2 |
| TOP OF THE 4TH |
|
Cleveland (APP) Indians batting - Pitching for Boston (APP) Red Sox : RHP Josh Graham
|
|
Batting: RHB Juan Gallardo
|
0-0: Called Strike 0-1: Ground out 4-3 (Groundball, 4MD, EV 85.6 MPH)
|
|
Batting: RHB Luis Roman
|
0-0: SINGLE (Groundball, 56D, EV 95.0 MPH)
|
|
Batting: LHB Kenji Yokoyama
|
0-0: Ball 1-0: Swinging Strike 1-1: Foul Ball, location: 2F 1-2: Ball 2-2: Strikes out swinging
|
|
Batting: RHB Joe Shade
|
0-0: Ball 1-0: Ball 2-0: Foul Ball, location: 2F 2-1: Called Strike 2-2: Strikes out swinging
|
| Top of the 4th over - 0 runs, 1 hit, 0 errors, 1 left on base; Cleveland (APP) 0 - Boston (APP) 2 |
| BOTTOM OF THE 4TH |
|
Boston (APP) Red Sox batting - Pitching for Cleveland (APP) Indians : RHP Ken Shear
|
|
Batting: LHB Frank Olivo
|
0-0: Fly out, F6 (Popup, 6S, EV 71.2 MPH)
|
|
Batting: RHB Mike Strey
|
0-0: Swinging Strike 0-1: Fly out, F9 (Flyball, 9LM, EV 75.6 MPH)
|
|
Batting: RHB Dominique Paolozzi
|
0-0: Ball 1-0: Foul Ball, location: 2F 1-1: Ball 2-1: Ball 3-1: Ground out 5-3 (Groundball, 56, EV 89.4 MPH)
|
| Bottom of the 4th over - 0 runs, 0 hits, 0 errors, 0 left on base; Cleveland (APP) 0 - Boston (APP) 2 |
| TOP OF THE 5TH |
|
Cleveland (APP) Indians batting - Pitching for Boston (APP) Red Sox : RHP Josh Graham
|
|
Batting: LHB Heath Ryland
|
0-0: Called Strike 0-1: Ground out 4-3 (Groundball, 4, EV 99.4 MPH)
|
|
Batting: LHB Jose Esteban
|
0-0: Called Strike 0-1: Bunted foul 0-2: Foul Ball, location: 2F 0-2: Ground out 4-3 (Groundball, 34D, EV 100.0 MPH)
|
|
Batting: SHB Mike Shields
|
0-0: Ball 1-0: Swinging Strike 1-1: Foul Ball, location: 2F 1-2: Ball 2-2: Foul Ball, location: 2F 2-2: Strikes out swinging
|
| Top of the 5th over - 0 runs, 0 hits, 0 errors, 0 left on base; Cleveland (APP) 0 - Boston (APP) 2 |
| BOTTOM OF THE 5TH |
|
Boston (APP) Red Sox batting - Pitching for Cleveland (APP) Indians : RHP Ken Shear
|
|
Batting: RHB Joe Booth
|
0-0: Foul Ball, location: 2F 0-1: Foul Ball, location: 2F 0-2: Strikes out swinging
|
|
Batting: RHB Rogelio Cervantes
|
0-0: Called Strike 0-1: Foul Ball, location: 2F 0-2: Ball 1-2: SINGLE (Groundball, 56, EV 97.5 MPH)
|
|
Batting: RHB Matt Hinkle
|
0-0: Called Strike Rogelio Cervantes steals 2nd base 0-1: Ball 1-1: Ball 2-1: Ball 3-1: Base on Balls
|
|
Batting: RHB Frank Sokolosky
|
0-0: Foul Ball, location: 2F 0-1: Grounds into double play, 6-4-3 (Groundball, 6, EV 105.0 MPH)
|
| Bottom of the 5th over - 0 runs, 1 hit, 0 errors, 1 left on base; Cleveland (APP) 0 - Boston (APP) 2 |
| TOP OF THE 6TH |
|
Cleveland (APP) Indians batting - Pitching for Boston (APP) Red Sox : RHP Josh Graham
|
|
Batting: RHB John Clark
|
0-0: Called Strike 0-1: Swinging Strike 0-2: Strikes out swinging
|
|
Batting: RHB Carlos Manriquez
|
0-0: Ball 1-0: Called Strike 1-1: Swinging Strike 1-2: Foul Ball, location: 2F 1-2: Foul Ball, location: 2F 1-2: Fly out, F7 (Line Drive, 7, EV 93.1 MPH)
|
|
Batting: RHB Juan Gallardo
|
0-0: Swinging Strike 0-1: Ball 1-1: Ball 2-1: SINGLE (Line Drive, 8LS, EV 98.1 MPH)
|
|
Batting: RHB Luis Roman
|
0-0: Ball 1-0: SINGLE (Groundball, 5S, EV 70.0 MPH) (infield hit) Juan Gallardo to second
|
|
Pitching: RHP Victor Escobar
|
|
|
Batting: LHB Kenji Yokoyama
|
0-0: Called Strike 0-1: Ball 1-1: Ball 2-1: Ball 3-1: Foul Ball, location: 2F 3-2: Strikes out looking
|
| Top of the 6th over - 0 runs, 2 hits, 0 errors, 2 left on base; Cleveland (APP) 0 - Boston (APP) 2 |
| BOTTOM OF THE 6TH |
|
Boston (APP) Red Sox batting - Pitching for Cleveland (APP) Indians : RHP Ken Shear
|
|
Batting: LHB Stanislav Parusov
|
0-0: Called Strike 0-1: Ball 1-1: Ball 2-1: Swinging Strike 2-2: Ball 3-2: Base on Balls
|
|
Batting: SHB Eric Evans
|
0-0: Ball 1-0: Fly out, F8 (Flyball, 78D, EV 88.8 MPH)
|
|
Batting: LHB Frank Olivo
|
0-0: Ball Passed Ball! Stanislav Parusov to second 1-0: Intentional Walk
|
|
Batting: RHB Mike Strey
|
0-0: Ball 1-0: Ball 2-0: Swinging Strike 2-1: Called Strike 2-2: Foul Ball, location: 2F 2-2: Ball 3-2: DOUBLE (Groundball, 5L, EV 105.6 MPH) Stanislav Parusov scores Frank Olivo to third Runner from 3rd tries for Home, SAFE, no throw by LF
|
|
Batting: RHB Dominique Paolozzi
|
0-0: Intentional Walk
|
|
Batting: RHB Joe Booth
|
0-0: Ball Passed Ball! Mike Strey to third Dominique Paolozzi to second 1-0: Ball Passed Ball! Mike Strey scores Dominique Paolozzi to third 2-0: Ball Wild Pitch! Dominique Paolozzi scores 3-0: Called Strike 3-1: Swinging Strike 3-2: Base on Balls
|
|
Batting: RHB Rogelio Cervantes
|
0-0: Ball Joe Booth steals 2nd base 1-0: Ground out 6-3 (Groundball, 56, EV 91.9 MPH)
|
|
Batting: RHB Matt Hinkle
|
0-0: Ground out 4-3 (Groundball, 4, EV 108.8 MPH)
|
| Bottom of the 6th over - 4 runs, 1 hit, 0 errors, 1 left on base; Cleveland (APP) 0 - Boston (APP) 6 |
| TOP OF THE 7TH |
|
Cleveland (APP) Indians batting - Pitching for Boston (APP) Red Sox : RHP Victor Escobar
|
|
Batting: RHB Joe Shade
|
0-0: Ball 1-0: Called Strike 1-1: Foul Ball, location: 2F 1-2: Strikes out swinging
|
|
Batting: LHB Heath Ryland
|
0-0: Ball 1-0: Called Strike 1-1: Called Strike 1-2: Ball 2-2: Foul Ball, location: 2F 2-2: Ground out 1-3 (Groundball, 13S, EV 77.5 MPH)
|
|
Batting: LHB Jose Esteban
|
0-0: Called Strike 0-1: SINGLE (Groundball, 4D, EV 101.2 MPH)
|
|
Batting: SHB Mike Shields
|
0-0: Swinging Strike 0-1: Foul Ball, location: 2F 0-2: Strikes out looking
|
| Top of the 7th over - 0 runs, 1 hit, 0 errors, 1 left on base; Cleveland (APP) 0 - Boston (APP) 6 |
| BOTTOM OF THE 7TH |
|
Boston (APP) Red Sox batting - Pitching for Cleveland (APP) Indians : RHP Ken Shear
|
|
Batting: RHB Frank Sokolosky
|
0-0: Ball 1-0: SINGLE (Line Drive, 89M, EV 96.2 MPH)
|
|
Batting: LHB Stanislav Parusov
|
0-0: Reached on error, E3 (Groundball, 3, EV 111.9 MPH) Frank Sokolosky to second
|
|
Batting: SHB Eric Evans
|
0-0: Fly out, F7 (Line Drive, 7D, EV 91.2 MPH)
|
|
Batting: LHB Frank Olivo
|
0-0: Ball Passed Ball! Frank Sokolosky to third Stanislav Parusov to second 1-0: Ball 2-0: Ball 3-0: Called Strike 3-1: Foul Ball, location: 2F 3-2: Foul Ball, location: 2F 3-2: Foul Ball, location: 2F 3-2: Base on Balls
|
|
Pitching: RHP Gilbert Paparelli
|
|
|
Batting: RHB Mike Strey
|
0-0: Called Strike 0-1: Ball 1-1: Foul Ball, location: 2F 1-2: Ball 2-2: Foul Ball, location: 2F 2-2: Reached on error, E3 (Groundball, 3, EV 83.8 MPH) Frank Sokolosky scores Stanislav Parusov to third Frank Olivo to second
|
|
Batting: RHB Dominique Paolozzi
|
0-0: Ball 1-0: Foul Ball, location: 2F 1-1: Swinging Strike 1-2: Ball 2-2: Ball 3-2: Foul Ball, location: 2F 3-2: Base on Balls Stanislav Parusov scores Frank Olivo to third Mike Strey to second
|
|
Batting: RHB Joe Booth
|
0-0: Ball Wild Pitch! Frank Olivo scores Mike Strey to third Dominique Paolozzi to second 1-0: Swinging Strike 1-1: Foul Ball, location: 2F 1-2: Strikes out looking
|
|
Batting: RHB Rogelio Cervantes
|
0-0: Called Strike 0-1: Ball 1-1: Foul Ball, location: 2F 1-2: Foul Ball, location: 2F 1-2: SINGLE (Flyball, 7LS, EV 89.4 MPH) Mike Strey scores Dominique Paolozzi to third Throwing error, E7 Dominique Paolozzi scores Rogelio Cervantes to second
|
|
Pitching: LHP Jordan Jimenez
|
|
|
Batting: RHB Matt Hinkle
|
0-0: Called Strike 0-1: Ball Passed Ball! Rogelio Cervantes to third 1-1: Fly out, F8 (Line Drive, 8LM, EV 84.4 MPH)
|
| Bottom of the 7th over - 5 runs, 2 hits, 3 errors, 1 left on base; Cleveland (APP) 0 - Boston (APP) 11 |
| TOP OF THE 8TH |
|
Cleveland (APP) Indians batting - Pitching for Boston (APP) Red Sox : RHP Victor Escobar
|
|
Batting: RHB John Clark
|
0-0: Called Strike 0-1: Swinging Strike 0-2: Ball 1-2: Strikes out swinging, 2-3 out at first.
|
|
Batting: RHB Carlos Manriquez
|
0-0: Ball 1-0: Called Strike 1-1: Fly out, F7 (Flyball, 7LS, EV 84.4 MPH)
|
|
Batting: RHB Juan Gallardo
|
0-0: Called Strike 0-1: Ball 1-1: Swinging Strike 1-2: Foul Ball, location: 2F 1-2: Strikes out swinging
|
| Top of the 8th over - 0 runs, 0 hits, 0 errors, 0 left on base; Cleveland (APP) 0 - Boston (APP) 11 |
| BOTTOM OF THE 8TH |
|
Boston (APP) Red Sox batting - Pitching for Cleveland (APP) Indians : LHP Jordan Jimenez
|
|
Batting: RHB Frank Sokolosky
|
0-0: Ball 1-0: Foul Ball, location: 2F 1-1: Ball 2-1: Ball 3-1: Base on Balls
|
|
Batting: LHB Stanislav Parusov
|
0-0: Ball 1-0: Called Strike 1-1: Called Strike 1-2: Foul Ball, location: 2F 1-2: Strikes out swinging
|
|
Batting: SHB Eric Evans
|
0-0: Ball 1-0: Ball 2-0: Ball Passed Ball! Frank Sokolosky to second 3-0: Base on Balls
|
|
Pinch Hitting: RHB Rich Boysen
|
0-0: Foul Ball, location: 2F 0-1: Ball Wild Pitch! Frank Sokolosky to third Eric Evans to second 1-1: Ball 2-1: Ball Passed Ball! Frank Sokolosky scores Eric Evans to third 3-1: Foul Ball, location: 2F 3-2: Foul Ball, location: 2F 3-2: Base on Balls
|
|
Batting: RHB Mike Strey
|
0-0: Ball 1-0: Ball 2-0: Ball 3-0: Base on Balls Rich Boysen to second
|
|
Batting: RHB Dominique Paolozzi
|
0-0: Ball 1-0: Called Strike 1-1: Ball Wild Pitch! Eric Evans scores Rich Boysen to third Mike Strey to second 2-1: Ball 3-1: Base on Balls
|
|
Batting: RHB Joe Booth
|
0-0: Foul Ball, location: 2F 0-1: Foul Ball, location: 2F 0-2: Ball 1-2: Foul Ball, location: 2F 1-2: Ball Wild Pitch! Rich Boysen scores Mike Strey to third Dominique Paolozzi to second 2-2: Foul Ball, location: 2F 2-2: Strikes out looking
|
|
Batting: RHB Rogelio Cervantes
|
0-0: Called Strike 0-1: DOUBLE (Groundball, 5L, EV 93.8 MPH) Mike Strey scores Dominique Paolozzi scores
|
|
Batting: RHB Matt Hinkle
|
0-0: SINGLE (Flyball, 8LS, EV 90.6 MPH) Rogelio Cervantes to third Runner from 3rd tries for Home, SAFE, throw by CF to home
|
|
Batting: RHB Frank Sokolosky
|
0-0: Ball 1-0: Fielders Choice at 2nd, 5-4 (Groundball, 56, EV 89.4 MPH)
|
| Bottom of the 8th over - 6 runs, 2 hits, 0 errors, 1 left on base; Cleveland (APP) 0 - Boston (APP) 17 |
| TOP OF THE 9TH |
|
Cleveland (APP) Indians batting - Pitching for Boston (APP) Red Sox : RHP Victor Escobar
|
|
Pitching: RHP Victor Fuentes
|
|
|
Now at 1B: Rich Boysen
|
|
|
Batting: RHB Luis Roman
|
0-0: Ball 1-0: Ball 2-0: Ground out 6-3 (Groundball, 6, EV 96.2 MPH)
|
|
Batting: LHB Kenji Yokoyama
|
0-0: Foul Ball, location: 2F 0-1: Called Strike 0-2: Strikes out swinging
|
|
Batting: RHB Joe Shade
|
0-0: Called Strike 0-1: Swinging Strike 0-2: Foul Ball, location: 2F 0-2: Ball 1-2: Ball 2-2: Foul Ball, location: 2F 2-2: Foul Ball, location: 2F 2-2: Hit by Pitch
|
|
Batting: LHB Heath Ryland
|
0-0: Called Strike 0-1: Swinging Strike 0-2: Ball 1-2: Strikes out swinging
|
| Top of the 9th over - 0 runs, 0 hits, 0 errors, 1 left on base; Cleveland (APP) 0 - Boston (APP) 17 |
|